 Dungeon Crawl Stone Soup version 0.26.1-2-gb8aa6d0cf2 (webtiles) character file.

Game seed: 5484441826913806436

13094 DarkShadow the Cleaver (level 11, 0/99 HPs)
             Began as a Minotaur Fighter on Mar 24, 2021.
             Was an Initiate of Gozag.
             Slain by a death yak (13 damage)
             ... on level 6 of the Lair of Beasts.
             The game lasted 00:41:52 (12117 turns).

DarkShadow the Cleaver (Minotaur Fighter)          Turns: 12117, Time: 00:41:52

Health: 0/99       AC: 23    Str: 33    XL:     11   Next: 71%
Magic:  10/10      EV: 13    Int:  8    God:    Gozag
Gold:   1969       SH: 13    Dex: 13    Spells: 10/10 levels left

rFire    . . .     SeeInvis .   a - +1 war axe
rCold    . . .     Faith    .   c - +0 kite shield
rNeg     . . .     Spirit   .   p - +2 storm dragon scales
rPois    .         Reflect  .   (helmet restricted)
rElec    +         Harm     .   C - +0 cloak
rCorr    .         Rampage  .   I - +1 pair of gloves "Rihil" {Str+6 Int+3}
Will     +....                  J - +0 pair of boots
Stlth    ..........             (no amulet)
HPRegen  0.26/turn              e - +6 ring of strength
MPRegen  0.12/turn              n - ring of willpower

@: about to teleport
A: retaliatory headbutt, horns 2, repulsion field 1, thin metallic scales 1
a: Renounce Religion, Potion Petition, Call Merchant, Bribe Branch


You were on level 6 of the Lair of Beasts.
You worshipped Gozag.
Gozag was most pleased with you.
You visited 3 branches of the dungeon, and saw 14 of its levels.

You collected 2459 gold pieces.
You spent 424 gold pieces at shops.
You paid 66 gold pieces to Gozag.

Inventory:

Hand Weapons
 a - a +1 war axe (weapon)
Armour
 b - a +0 scale mail
 c - a +0 kite shield (worn)
 p - +2 storm dragon scales (worn)
 q - a +0 pair of gloves
 C - a +0 cloak (worn)
 E - a +0 pair of gloves
 I - the +1 pair of gloves "Rihil" (worn) {Str+6 Int+3}
   (You bought it in a shop on level 9 of the Dungeon)

   It affects your strength (+6).
   It affects your intelligence (+3).
 J - a +0 pair of boots (worn)
 K - a +7 plate armour of ponderousness
 N - a +1 hat
Jewellery
 e - a +6 ring of strength (left hand)
 f - a cursed ring of attention
 n - a ring of willpower (right hand)
 v - an uncursed amulet of magic regeneration
 z - a +4 ring of protection
 L - an uncursed ring of see invisible {unknown}
Wands
 k - a wand of iceblast (26)
 l - a wand of polymorph (14)
 r - a wand of enslavement (9)
 t - a wand of random effects (33)
 x - a wand of paralysis (9)
 y - a wand of flame (14)
 F - a wand of acid (20)
Scrolls
 o - 3 scrolls of teleportation
 s - a scroll of fog
 u - a scroll of amnesia
 D - 5 scrolls of remove curse
 G - a scroll of identify
 M - a scroll of fear
Potions
 d - 3 potions of might
 g - 2 potions of haste
 h - 3 potions of lignification
 i - 5 potions of curing
 j - 3 potions of mutation
 m - 3 potions of attraction
 A - a potion of degeneration
 B - a potion of berserk rage
 H - a potion of flight {unknown}
 O - 3 potions of magic {unknown}


   Skills:
 + Level 9.7 Fighting
 + Level 14.4 Axes
 + Level 9.3 Armour
 + Level 4.7 Dodging
 + Level 2.6 Stealth
 + Level 10.4 Shields


You had 10 spell levels left.
You didn't know any spells.
Your spell library was empty.

Dungeon Overview and Level Annotations

Branches:
Dungeon (9/15)             Temple (1/1) D:4            Lair (2/6) D:9
 Shoals (0/4) Lair:2        Snake (0/4) Lair:2
    Orc: D:9-12

Altars:
Ashenzari
Cheibriados
Dithmenos
Elyvilon
Fedhas
Gozag
Nemelex Xobeh
Ru
Trog
Vehumet
Wu Jian
Xom
Zin
The Shining One

Shops:
D:9 *

Annotations:
Lair:6 Nessos


Innate Abilities, Weirdness & Mutations

You reflexively headbutt those who attack you in melee.
You have a pair of horns on your head.
You are surrounded by a mild repulsion field. (EV +2)
You are partially covered in thin metallic scales. (AC +2)


Message History

You hear the slow rumble of a distant avalanche of rocks.
You feel better.
You start resting.
You hear the loud beating of a distant drum.
You hear the slow rumble of a distant avalanche of rocks.
You start resting.
A rime drake comes into view.
The rime drake hisses angrily.
The rime drake breathes ice at you. The flash freeze hits you!!
* * * LOW HITPOINT WARNING * * *
You are encased in ice. 3 death yaks come into view.
As you read the scroll of teleportation, it crumbles to dust.
You feel strangely unstable. The ice encasing you melts away.
You block the death yak's attack. The death yak gores you!
You die...
Your body crumbles into a pile of gold.

./.............
...............
...............
..?............
.......k....#..
........#..## .
........##..##...
..(.....#........
.........@.......
........Y###.....
#.......Y.. ...##
.............
......P.......#
.......###....#
###.... ..P.#
#.... .P##.


You could see 2 death yaks.

Vanquished Creatures
  A hydra (Lair:1)
  A two-headed ogre (D:9)
  Pikel (D:7)
  A merfolk siren (Lair:2)
  A black mamba (Lair:2)
  2 cane toads
  Maggie (Lair:2)
  3 komodo dragons (Lair:1)
  2 merfolk (Lair:2)
  Grinder (D:3)
  4 yaks (Lair:1)
  A basilisk (Lair:2)
  2 wyverns
  Grum (D:9)
  12 water moccasins
  Duvessa (D:7)
  2 orc warriors
  2 sky beasts
  3 black bears (D:9)
  An ice beast (shapeshifter) (D:9)
  3 phantoms
  4 ogres
  A necrophage (D:7)
  10 ice beasts
  4 wolves (D:9)
  A lemure (D:7)
  2 gnoll sergeants (D:7)
  8 bullfrogs
  Dowan (D:7)
  6 scorpions
  6 killer bees (D:8)
  8 wights
  An electric eel (D:8)
  6 howler monkeys (D:9)
  A bullfrog zombie (D:9)
  4 bullfrog skeletons
  2 orc priests
  6 hounds
  Ijyb (D:3)
  5 iguanas
  5 orc wizards
  13 worker ants
  4 hound zombies
  A hound skeleton (D:4)
  A worker ant zombie (D:6)
  Robin (D:3)
  12 gnolls
  A howler monkey skeleton (D:4)
  17 adders
  2 shadow imps
  3 white imps
  3 ufetubi
  An ooze (D:6)
  4 adder skeletons
  2 worms (D:4)
  2 leopard geckos
  29 orcs
  7 giant cockroaches
  17 goblins
  7 hobgoblins
  7 jackals
  5 quokkas
  6 ball pythons
  8 bats
  2 frilled lizards (D:2)
  3 kobolds
  A leopard gecko skeleton (D:5)
  2 quokka skeletons
  5 rats
  2 butterflies (D:9)
296 creatures vanquished.

Vanquished Creatures (others)
  48 fungi
  57 plants
105 creatures vanquished.

Grand Total: 401 creatures vanquished

Notes
Turn   | Place    | Note
-------+----------+-------------------------------------------
     0 | D:1      | DarkShadow the Minotaur Fighter began the quest for the
                  | Orb.
     0 | D:1      | Reached XP level 1. HP: 19/19 MP: 0/0
    70 | D:1      | Reached XP level 2. HP: 15/27 MP: 1/1
  1124 | D:2      | Reached XP level 3. HP: 32/33 MP: 2/2
  1230 | D:2      | Reached skill level 3 in Axes
  1483 | D:2      | Found a faded altar of an unknown god.
  1762 | D:3      | Reached skill level 1 in Dodging
  1767 | D:3      | Reached XP level 4. HP: 40/40 MP: 3/3
  1884 | D:3      | Noticed Robin
  1885 | D:3      | Noticed Ijyb
  1890 | D:3      | Killed Ijyb
  1897 | D:3      | Killed Robin
  2046 | D:3      | Noticed a sky beast
  2079 | D:3      | Killed a sky beast
  2080 | D:3      | Reached skill level 4 in Axes
  2080 | D:3      | Reached XP level 5. HP: 14/47 MP: 4/4
  2415 | D:3      | Noticed Grinder
  2422 | D:3      | Paralysed by Grinder for 2 turns
  2440 | D:3      | Killed Grinder
  2441 | D:3      | Reached skill level 5 in Axes
  2441 | D:3      | Reached skill level 5 in Armour
  2441 | D:3      | Reached skill level 5 in Shields
  2441 | D:3      | Reached XP level 6. HP: 14/55 MP: 5/5
  3117 | D:4      | Reached skill level 5 in Fighting
  3179 | D:4      | Found a staircase to the Ecumenical Temple.
  3192 | Temple   | Entered the Ecumenical Temple
  3226 | Temple   | Became a worshipper of Gozag Ym Sagoz the Greedy
  3302 | D:4      | Reached skill level 1 in Stealth
  3302 | D:4      | Reached XP level 7. HP: 59/61 MP: 6/6
  3563 | D:4      | Reached skill level 6 in Axes
  4416 | D:4      | Reached skill level 7 in Axes
  4621 | D:5      | Entered Level 5 of the Dungeon
  4627 | D:5      | Reached XP level 8. HP: 68/69 MP: 7/7
  4712 | D:5      | Found a sparkling altar of Nemelex Xobeh.
  4908 | D:5      | Reached skill level 8 in Axes
  4961 | D:5      | Found a glowing drain.
  5157 | D:5      | Gained mutation: You are partially covered in thin metallic
                  | scales. (AC +2) [potion of mutation]
  5157 | D:5      | Gained mutation: You are surrounded by a mild repulsion
                  | field. (EV +2) [potion of mutation]
  5257 | D:5      | Found a shimmering altar of Xom.
  5767 | D:6      | Found an opulent altar of Gozag.
  5784 | D:6      | Reached skill level 9 in Axes
  6106 | D:6      | Found a shadowy altar of Dithmenos.
  6480 | D:7      | Reached XP level 9. HP: 78/78 MP: 8/8
  6657 | D:7      | Noticed Pikel
  6676 | D:7      | Killed Pikel
  6677 | D:7      | Reached skill level 10 in Axes
  7160 | D:7      | Noticed Dowan
  7161 | D:7      | Noticed Duvessa
  7180 | D:7      | Killed Duvessa
  7257 | D:7      | Killed Dowan
  7505 | D:7      | Reached skill level 11 in Axes
  8509 | D:8      | Reached XP level 10. HP: 77/86 MP: 9/9
  8664 | D:9      | Reached skill level 12 in Axes
  8727 | D:9      | Noticed Grum
  8729 | D:9      | Identified the +5 ring mail of a Labyrinth {Int+4}
  8755 | D:9      | Killed Grum
  8871 | D:9      | Found a staircase to the Lair.
  8995 | D:9      | Found a runed translucent door.
  8997 | D:9      | Found a runed translucent door.
  9077 | D:9      | Noticed a two-headed ogre
  9085 | D:9      | Killed a two-headed ogre
  9086 | D:9      | Reached skill level 13 in Axes
  9730 | D:9      | Found Xaonath's General Store.
  9736 | D:9      | Bought the +1 pair of gloves "Rihil" {Str+6 Int+3} for 424
                  | gold pieces
  9980 | Lair:1   | Entered Level 1 of the Lair of Beasts
 10108 | Lair:1   | Noticed a cane toad
 10117 | Lair:1   | Killed a cane toad
 10137 | Lair:1   | Reached XP level 11. HP: 63/95 MP: 10/10
 10328 | Lair:1   | Noticed a four-headed hydra
 10339 | Lair:1   | Killed a ten-headed hydra
 11018 | Lair:2   | Found a staircase to the Snake Pit.
 11041 | Lair:2   | Reached skill level 14 in Axes
 11041 | Lair:2   | Reached skill level 10 in Shields
 11543 | Lair:2   | Found a frozen archway.
 11678 | Lair:2   | Noticed Maggie
 11689 | Lair:2   | Killed Maggie
 11913 | Lair:2   | Found a staircase to the Shoals.
 11970 | Lair:2   | You fall into a shaft and drop 2 floors!
 11971 | Lair:4   | You fall into a shaft and drop 2 floors!
 11971 | Lair:6   | Entered Level 6 of the Lair of Beasts
 11971 | Lair:6   | Noticed an eight-headed hydra
 11974 | Lair:6   | Noticed a six-headed hydra
 11979 | Lair:6   | Noticed Nessos
 12114 | Lair:6   | Noticed a death yak
 12114 | Lair:6   | Noticed a death yak
 12114 | Lair:6   | Noticed a death yak
 12117 | Lair:6   | Slain by a death yak

Illustrated notes

Levels and vault maps discovered:
D:1:      nicolae_arrival_washed_ashore, layout_loops_ring
D:2:      layout_basic, chequers_ecumenical_altar_lobes
D:3:      layout_rooms, kennysheep_small_spiral, uniq_robin, uniq_ijyb,
          uniq_grinder
D:4:      kennysheep_six_static_rooms, layout_basic,
          minmay_temple_entry_sparse_star, enter_ossuary_5
D:5:      layout_loops_ring, lemuel_round_altar, cheibrodos_sewer_entry_sluice,
          xom_teletrap_fun
D:6:      layout_rooms, basic_altar, lemuel_tele_altar
D:7:      layout_layer_cave, uniq_duvessa, uniq_pikel
D:8:      layout_rooms, kennysheep_cross_room, dk_noncrumbling_4
D:9:      lemuel_insect_pit, layout_small_grid, due_lair_maze_entry_diamond,
          serial_shops, shop, amcnicky_mini_corridor_feature, uniq_grum
Temple:   compressed_dpeg_circular_temple
Lair:1:   layout_chaotic_city, st_stairs_13, grunt_forest_small_clearing_treed
Lair:2:   layout_layer_cave, elwin_shoals_entry_rooms,
          minmay_snake_entry_six_corridors, portal_ice_cave_entry_ice_beasts,
          uniq_gastronok, uniq_maggie
Lair:4:   layout_cave_pods, grunt_forest_large_clearing_hut
Lair:6:   minmay_lair_end_enchanted_forest, layout_cave_shapes,
          nicolae_volcano_entry_vermiform, special_room [special_room_bee],
          gauntlet_entry_generic, uniq_urug, uniq_nessos

Skill      XL: |  1  2  3  4  5  6  7  8  9 10 11 |
---------------+----------------------------------+-----
Fighting       | 4 5 6 7 8 9 |  9.7
Armour         | 4 5 6 7 8 9 |  9.3
Shields        | 4 5 6 8 9 10 | 10.4
Axes           | 3 4 5 7 9 11 13 14 | 14.4
Dodging        | 1 2 3 4 |  4.7
Stealth        | 1 2 |  2.6

Action                   |  1- 3 |  4- 6 |  7- 9 | 10-12 || total
-------------------------+-------+-------+-------+-------++-------
Melee: War axe           |   109 |    87 |   359 |   332 ||   887
       Headbutt          |    10 |    14 |    83 |    91 ||   198
  Use: Scroll            |     3 |     5 |    14 |     5 ||    27
       Potion            |       |       |     1 |     1 ||     2
 Stab: Distracted        |       |       |     1 |     8 ||     9
Armor: Scale mail        |    81 |    46 |    22 |       ||   149
       Storm dragon scal |       |       |   117 |   129 ||   246
Dodge: Dodged            |    32 |    16 |   100 |   140 ||   288
Block: Kite shield       |    68 |    38 |   197 |   189 ||   492
